 Dungeon Crawl Stone Soup version 0.24-a0-487-g57318f2 (webtiles) character file.

Game seed: 9359003072152852901

1298 Fortuna the Chiller (level 8, 0/61 HPs)
             Began as a Merfolk Ice Elementalist on July 10, 2019.
             Was a Follower of Vehumet.
             Succumbed to a killer bee's poison
             ... on level 7 of the Dungeon.
             The game lasted 00:36:39 (8557 turns).

Fortuna the Chiller (Merfolk Ice Elementalist)      Turns: 8557, Time: 00:36:40

Health: 0/61       AC:  2    Str:  9    XL:     8   Next: 56%
Magic:  10/13      EV: 13    Int: 16    God:    Vehumet [*.....]
Gold:   381        SH:  0    Dex: 14    Spells: 1/14 levels left

rFire    + . .     SeeInvis +   w - +1 trident (protect)
rCold    . . .     Gourm    .   (no shield)
rNeg     . . .     Faith    .   a - +0 robe
rPois    .         Spirit   .   (no helmet)
rElec    .         Reflect  .   (no cloak)
rCorr    .         Harm     .   (no gloves)
MR       .....                  (no boots)
Stlth    ++........             (no amulet)
HPRegen  0.20/turn              q - ring of protection from fire
MPRegen  0.13/turn              u - ring of see invisible

@: lethally poisoned (0 -> -27)
A: change form in water, swift swim, stealthy swim
a: Renounce Religion


You were on level 7 of the Dungeon.
You worshipped Vehumet.
Vehumet was aware of your devotion.
You were not hungry.

You visited 1 branch of the dungeon, and saw 7 of its levels.

You collected 381 gold pieces.

Inventory:

Hand Weapons
 e - a +0 spear
 w - a +1 trident of protection (weapon)
Missiles
 h - 115 stones (quivered)
Armour
 a - a +0 robe (worn)
Jewellery
 q - a ring of protection from fire (left hand)
 s - an uncursed amulet of rage {unknown}
 u - a ring of see invisible (right hand)
Wands
 g - a wand of enslavement (10)
Scrolls
 d - 2 scrolls of magic mapping
 f - a scroll of fear {unknown}
 i - a scroll of enchant armour {unknown}
 k - 6 scrolls of remove curse
 x - a scroll of teleportation {unknown}
 y - a scroll of random uselessness {unknown}
Potions
 b - 2 potions of lignification
 j - 2 potions of brilliance {unknown}
 m - a potion of flight {unknown}
 n - a potion of mutation {unknown}
 o - 5 potions of curing
 r - 2 potions of haste
 t - 2 potions of heal wounds {unknown}
 v - a potion of cancellation {unknown}
 z - a potion of might {unknown}
Comestibles
 c - 9 rations


   Skills:
 + Level 4.7 Fighting
 - Level 2.7 Polearms
 - Level 2.9 Dodging
 - Level 2.4 Stealth
 + Level 3.6 Spellcasting
 + Level 2.0 Conjurations
 - Level 3.5 Charms
 * Level 4.9 Summonings
 - Level 5.7 Ice Magic


You had one spell level left.
You knew the following spells:

 Your Spells              Type           Power        Failure   Level  Hunger
a - Freeze                Ice            ###.         1%          1    None
b - Ozocubu's Armour      Chrm/Ice       ###.....     8%          3    ###....
c - Magic Dart            Conj           #...         8%          1    None
d - Throw Icicle          Conj/Ice       ###.....     34%         4    ####...
e - Summon Ice Beast      Ice/Summ       ###.....     19%         4    ####...

Your spell library contained the following spells:

 Spells                   Type           Power        Failure   Level  Hunger
 Confusing Touch          Hex            #.....       17%         1    None
 Throw Frost              Conj/Ice       ###...       5%          2    ##.....
 Confuse                  Hex            #.......     45%         3    ###....
 Gell's Gravitas          Tloc           #.........   45%         3    ###....
 Metabolic Englaciation   Hex/Ice        ##........   83%         5    ######.
 Petrify                  Tmut/Erth      #.......     86%         4    ####...
 Yara's Violent Unravell  Hex/Tmut       #.........   99%         5    ######.


Dungeon Overview and Level Annotations

Branches:
Dungeon (7/15)             Temple (0/1) D:5

Altars:
Cheibriados
Dithmenos
Fedhas
Gozag
Nemelex Xobeh
Trog
Vehumet

Shops:
D:6 (

Annotations:
D:4 1 runed translucent door, exclusion: door, Crazy Yiuf
D:5 exclusion: ice beast, Edmund
D:6 Dowan, Duvessa


Message History

The killer bee stings you.
* * * LOW HITPOINT WARNING * * *
Unknown command.
As you read the scroll labeled BONGIM JOH, it crumbles to dust.
It is a scroll of enchant weapon.
Your +0 trident of protection glows red for a moment.
* * * LOW HITPOINT WARNING * * *
You feel sick. The killer bee closely misses you. The killer bee misses you.
The killer bee stings you but does no damage.
The killer bee misses you.
Your icy armour cracks and falls away as you move.
* * * LOW HITPOINT WARNING * * *
You feel sick. The killer bee stings you.
* * * LOW HITPOINT WARNING * * *
You are more poisoned.
The killer bee poisons you! The killer bee stings you!
* * * LOW HITPOINT WARNING * * *
You are more poisoned.
The killer bee poisons you!
You die...

.. ##.......#.......#.......
..## #.......#.....#.#.......
..... #...............#.......
.....##....####....####.......
.....#........................
..........#..............#+#.#
.........................#.#.#
...........y.............#.#.#
...........y.@................
..........###.........#+##.#..
..........# #.........#.###...
..........# #.........#.......
..........# #........)'<#.#...
..........# #.........#.#.#...
###.......# #.........#.#.#...
#####+#.# #.........#.#.#...
... #+####.....รท.#...


You could see 2 killer bees.

Vanquished Creatures
  A black bear (D:7)
  A phantom (D:7)
  An ogre (D:5)
  A bullfrog (D:6)
  A gnoll sergeant (D:5)
  A scorpion (D:7)
  A howler monkey (D:3)
  2 crimson imps (D:5)
  3 hounds
  2 bullfrog skeletons
  5 orc priests
  4 orc wizards
  An iguana (D:7)
  5 worker ants
  A mummy (D:6)
  A worker ant zombie (D:6)
  8 gnolls
  2 adders (D:3)
  A shadow imp (D:7)
  An ooze (D:4)
  A worm (D:7)
  A dart slug (D:1)
  3 leopard geckos
  8 orcs
  A bat (D:2)
  3 giant cockroaches
  4 hobgoblins
  11 jackals
  4 kobolds
  A quokka (D:6)
  3 frilled lizards
  5 goblins
  A hobgoblin zombie (D:6)
  2 kobold zombies (D:6)
  A leopard gecko skeleton (D:4)
  An orc zombie (D:6)
  12 rats
105 creatures vanquished.

Notes
Turn   | Place    | Note
-------+----------+-------------------------------------------
     0 | D:1      | Fortuna the Merfolk Ice Elementalist began the quest for
                  | the Orb.
     0 | D:1      | Reached XP level 1. HP: 13/13 MP: 3/3
   281 | D:1      | Reached XP level 2. HP: 19/19 MP: 3/5
   726 | D:1      | Reached XP level 3. HP: 24/25 MP: 3/6
   750 | D:1      | Learned a level 3 spell: Ozocubu's Armour
   807 | D:1      | Reached skill level 1 in Polearms
  1451 | D:2      | Found a faded altar of an unknown god.
  1563 | D:2      | Found a sparkling altar of Nemelex Xobeh.
  1628 | D:2      | Found a shadowy altar of Dithmenos.
  1813 | D:3      | Reached skill level 1 in Fighting
  1813 | D:3      | Reached skill level 1 in Charms
  1813 | D:3      | Reached skill level 4 in Ice Magic
  1974 | D:3      | Reached XP level 4. HP: 32/32 MP: 5/7
  2769 | D:3      | Found a radiant altar of Vehumet.
  3256 | D:3      | Reached XP level 5. HP: 36/38 MP: 5/9
  3674 | D:4      | Reached XP level 6. HP: 44/44 MP: 5/10
  3831 | D:4      | Reached skill level 5 in Ice Magic
  3859 | D:3      | Learned a level 4 spell: Summon Ice Beast
  3881 | D:3      | Became a worshipper of Vehumet
  3940 | D:4      | Found a runed translucent door.
  3941 | D:4      | Noticed Crazy Yiuf
  4195 | D:4      | Found a blossoming altar of Fedhas.
  4311 | D:5      | Entered Level 5 of the Dungeon
  4318 | D:4      | Reached skill level 1 in Summonings
  4783 | D:5      | Reached XP level 7. HP: 45/52 MP: 2/11
  4986 | D:5      | Learned a level 4 spell: Throw Icicle
  5220 | D:5      | Found an opulent altar of Gozag.
  5286 | D:5      | Found a staircase to the Ecumenical Temple.
  5297 | D:5      | Noticed Edmund
  5926 | D:5      | Found a snail-covered altar of Cheibriados.
  6325 | D:6      | Reached * piety under Vehumet
  6325 | D:6      | Offered knowledge of Magic Dart by Vehumet.
  6681 | D:6      | Reached skill level 1 in Conjurations
  6681 | D:6      | Reached XP level 8. HP: 27/60 MP: 4/12
  6693 | D:6      | Learned a level 1 spell: Magic Dart
  6969 | D:6      | Found Diose's Weapon Shop.
  7056 | D:6      | Noticed Duvessa
  7056 | D:6      | Noticed Dowan
  7715 | D:7      | Noticed a moth of wrath
  7718 | D:7      | Found a bloodstained altar of Trog.
  8189 | D:7      | Found the amulet of the Air {Inacc +Fly rElec EV+5 RMsl}
  8556 | D:7      | HP: 3/61 [killer bee (7)]
  8557 | D:7      | Succumbed to a killer bee's poison

Levels and vault maps discovered:
D:1:      dpeg_arrival_leaves_temple_mockup, layout_basic
D:2:      layout_basic, grunt_dithmenos_smoke_and_mirrors,
          chequers_ecumenical_altar_island, nemelex_altar_shiori
D:3:      layout_loops_corners, nicolae_overflow_hidden_temple, first_ration,
          minmay_distorted
D:4:      layout_rooms, marbit_many_paths, solitary_fountain, hex_medium,
          uniq_crazy_yiuf_cottage
D:5:      layout_rooms, overflow_temple_1_default, minmay_temple_entry_trees,
          basic_altar, uniq_edmund
D:6:      layout_basic, serial_shops, shop, minmay_mini_ossuary, uniq_duvessa
D:7:      layout_basic, tgw_trog

Skill      XL: |  1  2  3  4  5  6  7  8 |
---------------+-------------------------+-----
Polearms       | 1 2 |  2.7
Fighting       | 1 2 3 4 |  4.7
Charms         | 1 2 3 |  3.5
Ice Magic      | 4 5 |  5.7
Spellcasting   | 3 |  3.6
Summonings     | 1 3 4 |  4.9
Conjurations   | 1 2 |  2.0
Dodging        | |  2.9
Stealth        | |  2.4

Action                   |  1- 3 |  4- 6 |  7- 9 || total
-------------------------+-------+-------+-------++-------
Melee: Spear             |    16 |    38 |     7 ||    61
       Trident           |       |       |   137 ||   137
Throw: Stone             |    28 |    57 |    24 ||   109
 Cast: Freeze            |    33 |    69 |    93 ||   195
       Ozocubu's Armour  |       |     6 |    17 ||    23
       Magic Dart        |       |       |    36 ||    36
  Use: Scroll            |       |       |     7 ||     7
       Potion            |       |       |     1 ||     1
 Stab: Sleeping          |     2 |       |     2 ||     4
  Eat: Chunk             |     3 |     7 |     6 ||    16
       Ration            |       |     1 |     3 ||     4
Armor: Robe              |     6 |    11 |    53 ||    70
Dodge: Dodged            |    17 |    45 |   159 ||   221

Table legend:
 A = Non-vault XP
 B = Vault XP
 C = Vault XP percentage of total XP
 D = Non-vault monster count
 E = Vault monster count
 F = Vault count percentage of total count
                 A         B        C        D         E       F
            +---------+---------+-------+---------+---------+-------
      Total |    1781 |      74 |   4.0 |      94 |      11 |  10.5
            +---------+---------+-------+---------+---------+-------
        D:1 |      40 |       0 |   0.0 |      17 |       0 |   0.0
        D:2 |       7 |       0 |   0.0 |       4 |       0 |   0.0
        D:3 |     224 |       0 |   0.0 |      20 |       0 |   0.0
        D:4 |     231 |      43 |  15.7 |      19 |       1 |   5.0
        D:5 |     528 |       0 |   0.0 |      15 |       0 |   0.0
        D:6 |     213 |      22 |   9.4 |       8 |       5 |  38.5
        D:7 |     538 |       9 |   1.6 |      11 |       5 |  31.2
            +---------+---------+-------+---------+---------+-------
